[ AOE2 MATCH · #478419342 ]
Team RMTeutons vs Chinese
[ REPLAY ANALYSIS · EXTRACTED FROM THE RECORDED GAME ]
Feudal
19:39
Castle
28:59
Imperial
43:43
| APM avg | 32.4 |
| APM peak | 71 |
| eAPM avg | 19.8 |
| Villagers / military | 122 / 115 |
Focus
⚔️ 39.6% · 🌾 60.4%
Spearman ×46 · Teutonic Knight ×33 · Knight ×13 · Monk ×6 · Archer ×5 · Bombard Cannon ×5
Feudal
18:03
Castle
31:19
Imperial
43:13
| APM avg | 17.6 |
| APM peak | 61 |
| eAPM avg | 8.4 |
| Villagers / military | 64 / 26 |
Focus
⚔️ 19.1% · 🌾 80.9%
Spearman ×17 · Militia ×5 · Trade Cart ×5 · Battering Ram ×2 · Trebuchet (Packed) ×2
Feudal
13:14
Castle
30:55
Imperial
43:21
| APM avg | 10.4 |
| APM peak | 44 |
| eAPM avg | 5.6 |
| Villagers / military | 36 / 6 |
Focus
⚔️ 18.2% · 🌾 81.8%
Archer ×4 · Trebuchet (Packed) ×2
Feudal
16:30
Castle
24:04
Imperial
36:11
| APM avg | 17.3 |
| APM peak | 49 |
| eAPM avg | 14.1 |
| Villagers / military | 129 / 192 |
Focus
⚔️ 25.9% · 🌾 74.1%
Militia ×122 · Scout Cavalry ×25 · Spearman ×23 · Scorpion ×16 · Trebuchet (Packed) ×3 · Ballista Elephant ×3
Feudal
13:32
Castle
22:52
Imperial
37:36
| APM avg | 19.4 |
| APM peak | 38 |
| eAPM avg | 13.6 |
| Villagers / military | 194 / 131 |
Focus
⚔️ 26.4% · 🌾 73.6%
Tarkan ×41 · Scout Cavalry ×36 · Spearman ×18 · Cavalry Archer ×13 · Militia ×10 · Battering Ram ×5
Feudal
14:47
Castle
29:13
Imperial
44:03
| APM avg | 15.6 |
| APM peak | 49 |
| eAPM avg | 7.6 |
| Villagers / military | 51 / 21 |
Focus
⚔️ 20.3% · 🌾 79.7%
Archer ×8 · Spearman ×6 · Militia ×3 · Skirmisher ×2 · Fire Lancer ×2
Feudal
13:53
Castle
32:15
Imperial
—
| APM avg | 7.1 |
| APM peak | 16 |
| eAPM avg | 6.2 |
| Villagers / military | 66 / 26 |
Focus
⚔️ 19.9% · 🌾 80.1%
Militia ×17 · Fire Lancer ×6 · Trade Cart ×6 · Spearman ×3
Feudal
14:30
Castle
24:59
Imperial
44:45
| APM avg | 13.1 |
| APM peak | 30 |
| eAPM avg | 8.7 |
| Villagers / military | 76 / 57 |
Focus
⚔️ 18.8% · 🌾 81.2%
Knight ×34 · Chu Ko Nu ×19 · Trade Cart ×8 · Iron Pagoda ×3 · Monk ×1
Match map
Resources at game start + every placement click. Thick line = wall · dashed box = detected house wall. 🟡 gold · ⚪ stone · 🟢 berries · 🔶 boar · ⭕ relic
Inputs per minute
— Twixxo - - COCA COLA DE VIDRIO
Build order — Twixxo
First 150 of 334 actions detected
| 1:07 | Build | Town Center |
| 3:59 | Build | House |
| 4:00 | Build | House |
| 4:02 | Create | Villager (Male) |
| 4:03 | Create | Villager (Male) |
| 4:40 | Create | Villager (Male) |
| 4:49 | Create | Villager (Male) |
| 5:31 | Create | Villager (Male) |
| 5:31 | Create | Villager (Male) |
| 5:56 | Create | Villager (Male) |
| 6:31 | Create | Villager (Male) |
| 6:46 | Build | House |
| 7:05 | Create | Villager (Male) |
| 7:37 | Create | Villager (Male) |
| 7:50 | Create | Villager (Male) |
| 8:04 | Create | Villager (Male) |
| 8:25 | Create | Villager (Male) |
| 8:28 | Create | Villager (Male) |
| 8:33 | Build | House |
| 8:34 | Build | House |
| 8:57 | Create | Villager (Male) |
| 9:01 | Create | Villager (Male) |
| 9:28 | Research | Loom |
| 9:30 | Create | Villager (Male) |
| 9:52 | Build | House |
| 10:24 | Build | Mining Camp |
| 11:02 | Create | Villager (Male) |
| 11:03 | Create | Villager (Male) |
| 11:03 | Create | Villager (Male) |
| 11:03 | Create | Villager (Male) |
| 11:04 | Create | Villager (Male) |
| 11:04 | Create | Villager (Male) |
| 11:06 | Create | Villager (Male) |
| 11:06 | Create | Villager (Male) |
| 11:08 | Create | Villager (Male) |
| 11:08 | Create | Villager (Male) |
| 11:08 | Create | Villager (Male) |
| 11:08 | Create | Villager (Male) |
| 11:08 | Create | Villager (Male) |
| 12:05 | Create | Villager (Male) |
| 12:17 | Create | Villager (Male) |
| 12:56 | Create | Villager (Male) |
| 13:01 | Build | Lumber Camp |
| 13:36 | Build | Barracks |
| 14:39 | Build | Mill |
| 15:06 | Create | Villager (Male) |
| 15:25 | Build | Farm |
| 15:27 | Build | Farm |
| 15:28 | Create | Villager (Male) |
| 15:32 | Build | Farm |
| 15:33 | Build | Farm |
| 15:50 | Build | Farm |
| 15:52 | Build | Farm |
| 15:58 | Build | Farm |
| 16:01 | Create | Militia |
| 16:11 | Build | Farm |
| 16:43 | Build | Farm |
| 16:59 | Build | Farm |
| 17:29 | Research | Feudal Age |
| 18:00 | Create | Villager (Male) |
| 18:14 | Build | Farm |
| 18:24 | Build | Farm |
| 18:38 | Create | Militia |
| 19:35 | Create | Militia |
| 19:39 | Age | Feudal Age |
| 19:39 | Research | Wheelbarrow |
| 19:47 | Create | Villager (Male) |
| 20:00 | Create | Villager (Male) |
| 20:31 | Build | Watch Tower |
| 20:34 | Research | Man-at-Arms (upgrade) |
| 20:38 | Create | Villager (Male) |
| 20:50 | Build | Farm |
| 20:57 | Create | Villager (Male) |
| 21:09 | Build | Stone Wall |
| 21:14 | Build | Building 487 |
| 21:17 | Build | Stone Wall |
| 21:27 | Create | Militia |
| 22:02 | Build | Archery Range |
| 22:06 | Create | Villager (Male) |
| 22:07 | Research | Horse Collar |
| 22:08 | Research | Double-Bit Axe |
| 22:14 | Build | House |
| 22:14 | Build | House |
| 22:15 | Build | House |
| 22:21 | Create | Villager (Male) |
| 22:43 | Build | Stone Wall |
| 22:45 | Build | Stone Wall |
| 23:01 | Create | Villager (Male) |
| 23:04 | Create | Villager (Male) |
| 23:15 | Build | Market |
| 23:22 | Create | Archer ×5 |
| 23:24 | Create | Villager (Male) |
| 23:26 | Build | Farm |
| 23:29 | Build | Farm |
| 23:38 | Build | Farm |
| 23:40 | Create | Villager (Male) |
| 24:08 | Build | Building 487 |
| 24:19 | Build | Building 487 |
| 24:24 | Build | Stone Wall |
| 24:37 | Build | Stable |
| 24:39 | Create | Villager (Male) |
| 24:45 | Build | Farm |
| 24:49 | Build | Farm |
| 24:51 | Build | Farm |
| 24:55 | Create | Villager (Male) |
| 24:58 | Create | Spearman |
| 25:36 | Create | Villager (Male) |
| 25:42 | Create | Spearman |
| 26:00 | Build | Blacksmith |
| 26:10 | Research | Castle Age |
| 26:19 | Build | Mill |
| 26:34 | Create | Villager (Male) |
| 26:42 | Create | Trade Cart |
| 26:50 | Build | Building 490 |
| 26:53 | Build | Stone Wall |
| 27:04 | Build | House |
| 27:05 | Build | House |
| 27:05 | Build | House |
| 27:17 | Create | Spearman |
| 27:39 | Research | Stone Mining |
| 27:45 | Research | Gold Mining |
| 27:48 | Create | Spearman |
| 28:41 | Build | House |
| 28:42 | Build | House |
| 28:43 | Build | House |
| 28:59 | Age | Castle Age |
| 29:28 | Build | Town Center |
| 29:36 | Create | Villager (Male) |
| 29:36 | Create | Villager (Male) |
| 29:37 | Create | Villager (Male) |
| 30:06 | Create | Knight |
| 30:08 | Research | Heavy Plow |
| 30:22 | Create | Spearman |
| 30:35 | Create | Villager (Male) |
| 30:36 | Create | Villager (Male) |
| 30:44 | Build | Monastery |
| 30:59 | Build | Stone Wall |
| 31:04 | Build | Castle |
| 31:22 | Research | Bow Saw |
| 31:29 | Research | Hand Cart |
| 31:31 | Create | Villager (Male) |
| 31:34 | Create | Villager (Male) |
| 31:34 | Create | Villager (Male) |
| 31:35 | Create | Villager (Male) |
| 31:35 | Create | Villager (Male) |
| 31:41 | Create | Monk |
| 32:00 | Build | Mining Camp |
| 32:22 | Create | Villager (Male) |
| 32:26 | Create | Villager (Male) |
| 32:26 | Create | Villager (Male) |
Build order — COCA COLA DE VIDRIO
First 150 of 183 actions detected
| 3:44 | Build | Town Center |
| 6:15 | Create | Villager (Male) |
| 6:15 | Create | Villager (Male) |
| 6:15 | Create | Villager (Male) |
| 6:16 | Create | Villager (Male) |
| 6:16 | Create | Villager (Male) |
| 6:16 | Create | Villager (Male) |
| 7:14 | Build | House |
| 7:17 | Build | House |
| 8:48 | Create | Villager (Male) |
| 8:48 | Create | Villager (Male) |
| 8:48 | Create | Villager (Male) |
| 8:49 | Create | Villager (Male) |
| 9:12 | Build | Lumber Camp |
| 9:34 | Create | Villager (Male) |
| 9:34 | Create | Villager (Male) |
| 11:07 | Build | House |
| 11:28 | Create | Villager (Male) |
| 12:10 | Create | Villager (Male) |
| 12:10 | Create | Villager (Male) |
| 12:57 | Build | Mill |
| 14:56 | Build | Barracks |
| 15:09 | Build | Barracks |
| 15:53 | Research | Feudal Age |
| 16:23 | Create | Militia |
| 16:23 | Create | Militia |
| 16:23 | Create | Militia |
| 17:21 | Build | House |
| 17:53 | Build | House |
| 18:03 | Age | Feudal Age |
| 18:06 | Research | Double-Bit Axe |
| 18:28 | Create | Militia |
| 18:28 | Create | Militia |
| 18:31 | Create | Spearman |
| 18:31 | Create | Spearman |
| 18:32 | Create | Spearman |
| 18:41 | Create | Villager (Male) |
| 18:41 | Create | Villager (Male) |
| 18:42 | Create | Villager (Male) |
| 19:15 | Create | Villager (Male) |
| 20:16 | Create | Spearman |
| 20:16 | Create | Spearman |
| 21:03 | Create | Villager (Male) |
| 21:03 | Create | Villager (Male) |
| 21:03 | Create | Villager (Male) |
| 21:42 | Create | Villager (Male) |
| 21:54 | Build | Blacksmith |
| 21:59 | Build | House |
| 22:15 | Build | House |
| 23:00 | Create | Villager (Male) |
| 23:01 | Create | Villager (Male) |
| 23:16 | Build | Farm |
| 23:41 | Build | Farm |
| 23:46 | Create | Villager (Male) |
| 23:53 | Create | Spearman |
| 23:54 | Create | Spearman |
| 24:18 | Build | Market |
| 24:27 | Build | Farm |
| 24:32 | Build | Farm |
| 24:34 | Create | Villager (Male) |
| 24:35 | Create | Villager (Male) |
| 25:26 | Create | Villager (Male) |
| 25:27 | Create | Villager (Male) |
| 25:35 | Build | House |
| 25:48 | Build | House |
| 25:57 | Build | Lumber Camp |
| 26:04 | Build | Farm |
| 26:39 | Build | Farm |
| 26:40 | Create | Villager (Male) |
| 26:41 | Create | Villager (Male) |
| 26:41 | Create | Villager (Male) |
| 27:23 | Build | Stone Wall |
| 27:45 | Build | Stone Wall |
| 28:07 | Build | Mining Camp |
| 28:14 | Create | Villager (Male) |
| 28:14 | Create | Villager (Male) |
| 28:21 | Research | Castle Age |
| 28:28 | Create | Spearman |
| 28:29 | Create | Spearman |
| 28:29 | Create | Spearman |
| 29:04 | Build | Farm |
| 29:05 | Build | Farm |
| 29:09 | Build | Farm |
| 29:11 | Build | Farm |
| 29:13 | Build | Farm |
| 29:22 | Build | Farm |
| 30:11 | Build | Stone Wall |
| 30:26 | Build | Stable |
| 31:19 | Age | Castle Age |
| 31:58 | Build | Stone Wall |
| 32:02 | Create | Villager (Male) |
| 32:03 | Create | Villager (Male) |
| 32:19 | Build | Town Center |
| 32:31 | Build | House |
| 32:32 | Build | House |
| 32:37 | Build | Stone Wall |
| 32:41 | Build | House |
| 32:48 | Build | House |
| 32:54 | Build | Stone Wall |
| 33:00 | Research | Bow Saw |
| 33:04 | Research | Horse Collar |
| 33:12 | Create | Villager (Male) |
| 33:25 | Build | Building 487 |
| 33:28 | Research | Pikeman (upgrade) |
| 33:31 | Research | Forging |
| 33:55 | Create | Villager (Male) |
| 33:55 | Create | Villager (Male) |
| 33:55 | Create | Villager (Male) |
| 34:19 | Build | Stone Wall |
| 34:26 | Create | Villager (Male) |
| 34:26 | Create | Villager (Male) |
| 34:26 | Create | Villager (Male) |
| 34:47 | Build | Mill |
| 35:20 | Research | Heavy Plow |
| 35:45 | Create | Trade Cart |
| 35:45 | Create | Trade Cart |
| 35:45 | Create | Trade Cart |
| 35:47 | Research | Caravan |
| 36:13 | Create | Villager (Male) |
| 36:13 | Create | Villager (Male) |
| 36:14 | Create | Villager (Male) |
| 37:02 | Build | Castle |
| 37:13 | Research | Squires |
| 37:35 | Build | Lumber Camp |
| 37:53 | Create | Villager (Male) |
| 38:26 | Build | Town Center |
| 38:55 | Build | Stone Wall |
| 39:08 | Build | Stone Wall |
| 39:37 | Build | Siege Workshop |
| 39:42 | Build | Siege Workshop |
| 39:46 | Build | House |
| 39:47 | Build | House |
| 39:58 | Create | Villager (Male) |
| 39:58 | Create | Villager (Male) |
| 40:03 | Research | Imperial Age |
| 40:41 | Create | Villager (Male) |
| 40:46 | Research | Wheelbarrow |
| 40:59 | Create | Trade Cart |
| 40:59 | Create | Trade Cart |
| 41:24 | Create | Battering Ram |
| 41:29 | Create | Battering Ram |
| 41:49 | Create | Spearman |
| 41:49 | Create | Spearman |
| 41:50 | Create | Spearman |
| 41:50 | Create | Spearman |
| 42:24 | Build | Mining Camp |
| 42:51 | Create | Villager (Male) |
| 42:51 | Create | Villager (Male) |
| 42:51 | Create | Villager (Male) |
| 42:52 | Create | Villager (Male) |
Build order — 烛影曳红
101 actions detected in the replay
| 0:25 | Build | Town Center |
| 3:14 | Build | House |
| 3:22 | Build | House |
| 4:19 | Create | Villager (Male) |
| 4:50 | Create | Villager (Male) |
| 4:50 | Create | Villager (Male) |
| 5:10 | Create | Villager (Male) |
| 5:19 | Build | Lumber Camp |
| 5:40 | Create | Villager (Male) |
| 6:02 | Create | Villager (Male) |
| 6:33 | Create | Villager (Male) |
| 6:51 | Create | Villager (Male) |
| 7:34 | Create | Villager (Male) |
| 7:35 | Create | Villager (Male) |
| 8:44 | Build | Mill |
| 8:56 | Create | Villager (Male) |
| 8:59 | Create | Villager (Male) |
| 8:59 | Create | Villager (Male) |
| 10:04 | Build | Farm |
| 10:07 | Build | Farm |
| 10:27 | Build | Mill |
| 10:39 | Create | Villager (Male) |
| 10:57 | Research | Feudal Age |
| 13:14 | Age | Feudal Age |
| 13:16 | Create | Villager (Male) |
| 13:17 | Create | Villager (Male) |
| 13:43 | Create | Villager (Male) |
| 14:45 | Build | Blacksmith |
| 15:30 | Build | Blacksmith |
| 15:47 | Research | Double-Bit Axe |
| 16:04 | Build | Mining Camp |
| 16:11 | Build | Mill |
| 16:30 | Build | Lumber Camp |
| 16:40 | Create | Villager (Male) |
| 16:41 | Create | Villager (Male) |
| 17:15 | Build | Barracks |
| 18:06 | Build | Lumber Camp |
| 18:14 | Build | Palisade Wall |
| 18:15 | Build | Palisade Wall |
| 19:08 | Build | Archery Range |
| 19:16 | Create | Villager (Male) |
| 19:17 | Create | Villager (Male) |
| 19:47 | Create | Archer |
| 19:47 | Create | Archer |
| 19:47 | Create | Archer |
| 19:48 | Create | Archer |
| 21:12 | Build | Mill |
| 21:21 | Build | House |
| 23:59 | Research | Wheelbarrow |
| 24:51 | Build | Mining Camp |
| 26:01 | Build | Mill |
| 26:55 | Research | Castle Age |
| 27:32 | Build | Town Center |
| 28:15 | Research | Castle Age |
| 28:30 | Build | Farm |
| 28:35 | Build | Farm |
| 28:36 | Build | Farm |
| 28:37 | Build | Farm |
| 29:24 | Build | House |
| 29:25 | Build | House |
| 30:23 | Research | Loom |
| 30:28 | Build | House |
| 30:29 | Build | House |
| 30:55 | Age | Castle Age |
| 31:25 | Create | Villager (Male) |
| 31:25 | Create | Villager (Male) |
| 31:52 | Build | Mining Camp |
| 32:34 | Create | Villager (Male) |
| 32:34 | Create | Villager (Male) |
| 33:17 | Research | Stone Mining |
| 33:26 | Build | Mill |
| 33:32 | Create | Villager (Male) |
| 33:33 | Create | Villager (Male) |
| 34:41 | Create | Villager (Male) |
| 34:41 | Create | Villager (Male) |
| 36:48 | Build | University |
| 36:51 | Create | Villager (Male) |
| 36:51 | Create | Villager (Male) |
| 37:08 | Build | Castle |
| 37:40 | Create | Villager (Male) |
| 38:40 | Build | Mining Camp |
| 39:18 | Research | Murder Holes |
| 39:20 | Research | Ballistics |
| 39:22 | Research | Masonry |
| 39:54 | Build | Farm |
| 40:11 | Research | Imperial Age |
| 40:46 | Build | Mining Camp |
| 40:59 | Build | Blacksmith |
| 42:28 | Build | Market |
| 43:21 | Age | Imperial Age |
| 43:35 | Research | Fletching |
| 43:41 | Research | Chemistry |
| 44:18 | Create | Villager (Male) |
| 44:18 | Create | Villager (Male) |
| 44:18 | Create | Villager (Male) |
| 44:19 | Create | Villager (Male) |
| 44:32 | Create | Trebuchet (Packed) |
| 45:39 | Create | Trebuchet (Packed) |
| 46:29 | Research | Bodkin Arrow |
| 47:31 | Research | Elite Chu Ko Nu (upgrade) |
| 47:37 | Research | Conscription |
Build order — 张小俊
First 150 of 368 actions detected
| 0:34 | Build | House |
| 0:35 | Build | House |
| 0:45 | Build | Town Center |
| 1:33 | Build | House |
| 2:06 | Build | House |
| 3:30 | Create | Villager (Male) |
| 3:30 | Create | Villager (Male) |
| 3:31 | Create | Villager (Male) |
| 3:31 | Create | Villager (Male) |
| 5:16 | Create | Villager (Male) |
| 5:17 | Create | Villager (Male) |
| 5:17 | Create | Villager (Male) |
| 6:27 | Create | Villager (Male) |
| 6:27 | Create | Villager (Male) |
| 6:29 | Create | Villager (Male) |
| 6:29 | Create | Villager (Male) |
| 6:29 | Create | Villager (Male) |
| 7:27 | Create | Villager (Male) |
| 7:28 | Create | Villager (Male) |
| 8:26 | Create | Villager (Male) |
| 9:04 | Create | Villager (Male) |
| 9:04 | Create | Villager (Male) |
| 9:52 | Create | Villager (Male) |
| 9:53 | Create | Villager (Male) |
| 10:48 | Build | Farm |
| 10:49 | Build | Farm |
| 10:53 | Build | Farm |
| 10:56 | Build | Farm |
| 10:58 | Create | Villager (Male) |
| 11:08 | Build | Farm |
| 11:14 | Create | Villager (Male) |
| 11:23 | Build | Farm |
| 11:32 | Build | Farm |
| 11:36 | Create | Villager (Male) |
| 11:36 | Create | Villager (Male) |
| 11:47 | Build | Farm |
| 11:59 | Build | Farm |
| 12:16 | Build | House |
| 12:22 | Build | Farm |
| 12:34 | Create | Villager (Male) |
| 12:36 | Create | Villager (Male) |
| 12:52 | Build | House |
| 12:54 | Build | House |
| 12:58 | Create | Villager (Male) |
| 13:35 | Build | Farm |
| 13:44 | Build | House |
| 13:47 | Build | House |
| 13:49 | Build | House |
| 13:55 | Create | Villager (Male) |
| 14:05 | Build | Farm |
| 14:14 | Research | Feudal Age |
| 14:15 | Research | Feudal Age |
| 14:27 | Build | Farm |
| 15:35 | Build | Barracks |
| 15:43 | Build | Barracks |
| 15:51 | Create | Villager (Male) |
| 15:51 | Create | Villager (Male) |
| 15:51 | Create | Villager (Male) |
| 15:52 | Create | Villager (Male) |
| 16:01 | Build | Mining Camp |
| 16:15 | Build | Lumber Camp |
| 16:30 | Age | Feudal Age |
| 16:37 | Create | Villager (Male) |
| 16:54 | Build | Mill |
| 17:00 | Research | Man-at-Arms (upgrade) |
| 17:15 | Build | Farm |
| 17:24 | Build | Farm |
| 17:29 | Build | Farm |
| 17:36 | Create | Villager (Male) |
| 17:45 | Build | Barracks |
| 17:47 | Create | Militia |
| 17:48 | Create | Militia |
| 17:48 | Create | Militia |
| 17:48 | Create | Militia |
| 17:48 | Create | Militia |
| 17:48 | Create | Militia |
| 17:55 | Create | Villager (Male) |
| 18:39 | Build | Stone Wall |
| 18:41 | Create | Militia |
| 18:41 | Create | Militia |
| 18:48 | Create | Villager (Male) |
| 18:48 | Create | Villager (Male) |
| 18:59 | Research | Double-Bit Axe |
| 19:00 | Research | Double-Bit Axe |
| 19:07 | Research | Horse Collar |
| 19:39 | Create | Villager (Male) |
| 19:52 | Research | Gold Mining |
| 19:57 | Build | Farm |
| 21:17 | Build | Farm |
| 21:20 | Create | Villager (Male) |
| 21:23 | Research | Castle Age |
| 21:56 | Build | Stone Wall |
| 22:04 | Create | Villager (Male) |
| 22:04 | Create | Villager (Male) |
| 22:05 | Create | Villager (Male) |
| 22:08 | Create | Militia |
| 22:09 | Create | Militia |
| 22:10 | Create | Militia |
| 22:10 | Create | Militia |
| 22:28 | Build | Blacksmith |
| 22:38 | Build | Lumber Camp |
| 23:27 | Build | Market |
| 23:39 | Build | Mining Camp |
| 23:47 | Create | Militia |
| 23:47 | Create | Militia |
| 23:49 | Create | Militia |
| 23:50 | Create | Militia |
| 23:59 | Research | Forging |
| 23:59 | Research | Scale Mail Armor |
| 24:04 | Age | Castle Age |
| 24:14 | Research | Long Swordsman (upgrade) |
| 24:17 | Create | Militia |
| 24:17 | Create | Militia |
| 24:18 | Create | Militia |
| 24:55 | Build | Town Center |
| 25:04 | Build | Building 490 |
| 25:23 | Build | House |
| 25:37 | Research | Bow Saw |
| 25:46 | Research | Heavy Plow |
| 25:50 | Research | Arson |
| 25:51 | Create | Militia |
| 25:52 | Create | Militia |
| 25:52 | Create | Militia |
| 26:12 | Build | House |
| 26:13 | Build | House |
| 26:15 | Build | House |
| 26:16 | Build | House |
| 26:17 | Build | House |
| 26:19 | Build | House |
| 26:28 | Build | Stone Wall |
| 26:39 | Create | Villager (Male) |
| 26:39 | Create | Villager (Male) |
| 26:39 | Create | Villager (Male) |
| 26:40 | Create | Villager (Male) |
| 26:40 | Create | Villager (Male) |
| 26:40 | Create | Villager (Male) |
| 26:40 | Create | Villager (Male) |
| 27:29 | Build | Stone Wall |
| 27:34 | Research | Pikeman (upgrade) |
| 27:37 | Create | Villager (Male) |
| 27:38 | Create | Villager (Male) |
| 27:38 | Create | Villager (Male) |
| 27:38 | Create | Villager (Male) |
| 27:38 | Create | Villager (Male) |
| 27:38 | Create | Villager (Male) |
| 28:05 | Build | Farm |
| 28:09 | Create | Villager (Male) |
| 28:34 | Build | Farm |
| 28:37 | Create | Villager (Male) |
| 28:48 | Create | Villager (Male) |
Build order — for no raisin
First 150 of 312 actions detected
| 0:48 | Build | Town Center |
| 2:57 | Create | Villager (Male) |
| 2:57 | Create | Villager (Male) |
| 2:58 | Create | Villager (Male) |
| 2:58 | Create | Villager (Male) |
| 2:58 | Create | Villager (Male) |
| 4:27 | Create | Villager (Male) |
| 4:36 | Build | Lumber Camp |
| 4:52 | Create | Villager (Male) |
| 4:52 | Create | Villager (Male) |
| 5:23 | Create | Villager (Male) |
| 5:33 | Research | Loom |
| 5:51 | Create | Villager (Male) |
| 6:21 | Create | Villager (Male) |
| 6:49 | Create | Villager (Male) |
| 6:50 | Create | Villager (Male) |
| 7:17 | Build | Mill |
| 7:36 | Create | Villager (Male) |
| 7:36 | Create | Villager (Male) |
| 8:27 | Create | Villager (Male) |
| 8:27 | Create | Villager (Male) |
| 8:27 | Create | Villager (Male) |
| 8:46 | Build | Mill |
| 8:55 | Create | Villager (Male) |
| 8:55 | Create | Villager (Male) |
| 9:56 | Build | Barracks |
| 10:25 | Create | Villager (Male) |
| 10:46 | Create | Villager (Male) |
| 11:21 | Research | Feudal Age |
| 11:21 | Research | Feudal Age |
| 11:49 | Create | Militia |
| 11:56 | Create | Militia |
| 11:56 | Create | Militia |
| 12:06 | Create | Militia |
| 12:07 | Create | Militia |
| 12:32 | Create | Villager (Male) |
| 12:52 | Build | Mill |
| 13:00 | Build | Mill |
| 13:03 | Create | Villager (Male) ×3 |
| 13:03 | Create | Villager (Male) ×3 |
| 13:14 | Create | Militia |
| 13:14 | Create | Militia |
| 13:32 | Age | Feudal Age |
| 13:39 | Build | Watch Tower |
| 13:50 | Research | Double-Bit Axe |
| 14:07 | Research | Man-at-Arms (upgrade) |
| 14:32 | Create | Militia |
| 14:50 | Build | Blacksmith |
| 15:09 | Create | Villager (Male) |
| 15:10 | Create | Villager (Male) |
| 15:10 | Create | Villager (Male) |
| 15:18 | Create | Villager (Male) |
| 15:19 | Create | Villager (Male) |
| 15:30 | Create | Villager (Male) |
| 15:43 | Build | Lumber Camp |
| 15:51 | Create | Militia |
| 15:51 | Create | Militia |
| 16:15 | Research | Scale Mail Armor |
| 16:44 | Build | Market |
| 16:50 | Create | Villager (Male) ×3 |
| 16:51 | Create | Villager (Male) |
| 17:43 | Research | Wheelbarrow |
| 18:03 | Build | Mining Camp |
| 18:26 | Research | Horse Collar |
| 19:56 | Create | Villager (Male) |
| 20:08 | Research | Castle Age |
| 20:13 | Create | Villager (Male) |
| 20:19 | Create | Spearman |
| 20:26 | Build | Archery Range |
| 20:45 | Build | Watch Tower |
| 21:30 | Create | Archer |
| 21:50 | Build | Farm |
| 21:53 | Build | Farm |
| 21:54 | Build | Farm |
| 21:55 | Build | Farm |
| 22:03 | Build | Farm |
| 22:04 | Build | Farm |
| 22:05 | Build | Farm |
| 22:07 | Build | Farm |
| 22:18 | Build | Farm |
| 22:19 | Build | Farm |
| 22:25 | Research | Fletching |
| 22:52 | Age | Castle Age |
| 22:52 | Build | Watch Tower |
| 23:01 | Research | Heavy Plow |
| 23:04 | Research | Bow Saw |
| 23:45 | Build | Siege Workshop |
| 23:50 | Create | Villager (Male) ×5 |
| 23:50 | Create | Villager (Male) ×5 |
| 23:50 | Create | Villager (Male) ×3 |
| 24:07 | Research | Forging |
| 25:04 | Build | Town Center |
| 25:42 | Create | Battering Ram |
| 25:57 | Create | Villager (Male) ×5 |
| 25:58 | Create | Villager (Male) ×5 |
| 25:58 | Create | Villager (Male) ×4 |
| 26:32 | Build | Farm |
| 27:04 | Create | Villager (Male) ×5 |
| 27:21 | Build | Town Center |
| 27:34 | Build | Town Center |
| 28:11 | Build | Town Center |
| 28:18 | Build | Monastery |
| 28:26 | Create | Mangonel |
| 28:38 | Create | Villager (Male) |
| 28:38 | Create | Villager (Male) |
| 28:38 | Create | Villager (Male) |
| 28:39 | Create | Villager (Male) |
| 28:39 | Research | Town Watch |
| 28:40 | Create | Villager (Male) ×3 |
| 28:48 | Build | Farm |
| 28:49 | Build | Farm |
| 28:50 | Build | Farm |
| 29:52 | Create | Monk |
| 29:55 | Research | Hand Cart |
| 30:06 | Build | Farm |
| 30:06 | Build | Farm |
| 30:06 | Build | Farm |
| 30:06 | Build | Farm |
| 30:07 | Build | Farm |
| 30:07 | Build | Farm |
| 30:07 | Build | Farm |
| 30:08 | Build | Farm |
| 30:08 | Build | Farm |
| 30:08 | Build | Farm |
| 30:08 | Build | Farm |
| 30:51 | Build | Farm |
| 30:52 | Build | Farm |
| 31:20 | Build | Castle |
| 31:47 | Create | Villager (Male) |
| 31:47 | Create | Villager (Male) |
| 31:47 | Create | Villager (Male) |
| 31:47 | Create | Villager (Male) |
| 31:48 | Create | Villager (Male) |
| 31:52 | Create | Villager (Male) |
| 31:52 | Create | Villager (Male) |
| 31:53 | Create | Villager (Male) |
| 31:53 | Create | Villager (Male) |
| 31:53 | Create | Villager (Male) |
| 31:57 | Create | Villager (Male) |
| 31:57 | Create | Villager (Male) |
| 31:58 | Create | Villager (Male) |
| 33:14 | Create | Villager (Male) |
| 33:14 | Create | Villager (Male) |
| 33:14 | Create | Villager (Male) |
| 33:17 | Create | Villager (Male) ×5 |
| 33:18 | Create | Villager (Male) ×5 |
| 33:18 | Create | Villager (Male) ×5 |
| 33:18 | Create | Villager (Male) ×3 |
| 33:28 | Create | Spearman |
| 33:28 | Create | Spearman |
Build order — 你滴🐯
145 actions detected in the replay
| 3:21 | Build | Town Center |
| 6:25 | Create | Villager (Male) |
| 6:58 | Create | Villager (Male) |
| 7:23 | Create | Villager (Male) |
| 7:52 | Create | Villager (Male) |
| 7:53 | Create | Villager (Male) |
| 8:25 | Build | Mill |
| 8:47 | Create | Villager (Male) |
| 9:09 | Build | House |
| 9:13 | Build | House |
| 10:08 | Create | Villager (Male) |
| 10:09 | Create | Villager (Male) |
| 10:11 | Create | Villager (Male) |
| 10:12 | Create | Villager (Male) |
| 10:13 | Create | Villager (Male) |
| 10:13 | Create | Villager (Male) |
| 11:19 | Build | Lumber Camp |
| 11:37 | Create | Villager (Male) |
| 12:37 | Research | Feudal Age |
| 13:13 | Build | Farm |
| 13:15 | Build | Farm |
| 13:16 | Build | Farm |
| 13:20 | Build | Farm |
| 13:22 | Build | Farm |
| 13:42 | Create | Villager (Male) |
| 14:14 | Build | Farm |
| 14:22 | Create | Villager (Male) |
| 14:47 | Age | Feudal Age |
| 14:56 | Research | Wheelbarrow |
| 15:20 | Build | Farm |
| 15:21 | Build | Farm |
| 15:51 | Research | Horse Collar |
| 15:52 | Research | Horse Collar |
| 16:30 | Create | Villager (Male) |
| 16:31 | Create | Villager (Male) |
| 16:48 | Build | Mining Camp |
| 16:49 | Create | Villager (Male) |
| 17:10 | Build | Farm |
| 17:53 | Research | Double-Bit Axe |
| 18:04 | Build | House |
| 18:05 | Build | House |
| 18:43 | Build | Barracks |
| 19:02 | Create | Villager (Male) |
| 19:02 | Create | Villager (Male) |
| 19:18 | Build | Farm |
| 19:20 | Create | Villager (Male) |
| 19:51 | Create | Spearman |
| 20:00 | Build | Farm |
| 20:04 | Create | Spearman |
| 20:11 | Create | Militia |
| 20:12 | Create | Militia |
| 20:15 | Create | Villager (Male) |
| 20:52 | Create | Militia |
| 21:26 | Create | Villager (Male) |
| 21:44 | Create | Villager (Male) |
| 21:44 | Create | Villager (Male) |
| 21:58 | Build | Blacksmith |
| 22:34 | Build | Market |
| 22:56 | Build | House |
| 22:59 | Build | House |
| 23:19 | Build | Farm |
| 23:41 | Create | Villager (Male) |
| 23:41 | Create | Villager (Male) |
| 24:04 | Build | Building 487 |
| 24:08 | Build | Stone Wall |
| 24:25 | Build | House |
| 24:29 | Create | Villager (Male) |
| 24:29 | Create | Villager (Male) |
| 24:48 | Build | Stone Wall |
| 24:53 | Create | Villager (Male) |
| 25:47 | Build | Watch Tower |
| 26:08 | Create | Villager (Male) |
| 26:10 | Research | Castle Age |
| 26:10 | Research | Castle Age |
| 26:28 | Build | Archery Range |
| 26:37 | Build | Farm |
| 26:46 | Build | House |
| 27:33 | Create | Skirmisher |
| 27:34 | Create | Skirmisher |
| 28:11 | Build | House |
| 28:12 | Build | House |
| 28:17 | Build | Farm |
| 28:45 | Build | Lumber Camp |
| 29:13 | Age | Castle Age |
| 29:27 | Build | Stone Wall |
| 29:52 | Research | Thumb Ring |
| 29:55 | Research | Crossbowman (upgrade) |
| 29:58 | Create | Villager (Male) |
| 30:00 | Create | Villager (Male) |
| 30:01 | Create | Villager (Male) |
| 30:07 | Research | Double-Bit Axe |
| 30:15 | Create | Villager (Male) |
| 30:15 | Create | Villager (Male) |
| 30:16 | Create | Villager (Male) |
| 30:58 | Build | Town Center |
| 31:04 | Research | Stone Mining |
| 31:11 | Create | Archer |
| 31:16 | Create | Villager (Male) |
| 31:16 | Create | Villager (Male) |
| 31:41 | Build | Building 487 |
| 31:53 | Build | Stone Wall |
| 34:40 | Build | Castle |
| 35:27 | Build | Mining Camp |
| 35:33 | Create | Villager (Male) |
| 35:33 | Create | Villager (Male) |
| 35:34 | Create | Villager (Male) |
| 35:38 | Research | Hand Cart |
| 35:39 | Create | Villager (Male) |
| 35:39 | Create | Villager (Male) |
| 35:39 | Create | Villager (Male) |
| 35:40 | Create | Villager (Male) |
| 35:40 | Create | Villager (Male) |
| 35:40 | Create | Villager (Male) |
| 35:43 | Research | Bow Saw |
| 35:45 | Research | Heavy Plow |
| 36:35 | Research | Stone Shaft Mining |
| 36:35 | Research | Gold Mining |
| 37:40 | Create | Fire Lancer |
| 37:40 | Create | Fire Lancer |
| 37:44 | Create | Spearman |
| 37:45 | Create | Spearman |
| 37:53 | Build | Archery Range |
| 37:55 | Create | Archer |
| 37:55 | Create | Archer |
| 37:56 | Create | Archer |
| 37:56 | Create | Archer |
| 38:38 | Create | Archer |
| 38:38 | Create | Archer |
| 38:39 | Create | Archer |
| 38:57 | Build | University |
| 39:38 | Create | Villager (Male) |
| 39:38 | Create | Villager (Male) |
| 39:38 | Create | Villager (Male) |
| 39:40 | Research | Imperial Age |
| 40:07 | Build | Stone Wall |
| 40:31 | Create | Spearman |
| 40:31 | Create | Spearman |
| 41:04 | Build | Farm |
| 41:59 | Build | Farm |
| 42:00 | Build | Farm |
| 42:17 | Build | Stone Wall |
| 42:40 | Build | University |
| 44:03 | Age | Imperial Age |
| 44:40 | Research | Two-Man Saw |
| 45:36 | Build | Watch Tower |
Build order — n00b
First 150 of 179 actions detected
| 1:32 | Build | Town Center |
| 3:29 | Create | Villager (Male) |
| 3:30 | Create | Villager (Male) |
| 3:30 | Create | Villager (Male) |
| 3:47 | Build | House |
| 3:49 | Build | House |
| 4:09 | Create | Villager (Male) |
| 4:42 | Research | Loom |
| 5:13 | Build | Lumber Camp |
| 5:27 | Create | Villager (Male) |
| 5:28 | Create | Villager (Male) |
| 6:48 | Create | Villager (Male) |
| 6:48 | Create | Villager (Male) |
| 7:15 | Create | Villager (Male) |
| 7:49 | Create | Villager (Male) |
| 9:04 | Build | House |
| 9:10 | Create | Villager (Male) |
| 9:10 | Create | Villager (Male) |
| 10:01 | Build | Mill |
| 10:18 | Create | Villager (Male) |
| 10:20 | Create | Villager (Male) |
| 10:36 | Create | Villager (Male) |
| 10:51 | Create | Villager (Male) |
| 11:05 | Create | Villager (Male) |
| 11:05 | Create | Villager (Male) |
| 11:43 | Research | Feudal Age |
| 13:02 | Build | House |
| 13:53 | Age | Feudal Age |
| 13:56 | Research | Wheelbarrow |
| 14:00 | Research | Double-Bit Axe |
| 14:30 | Create | Villager (Male) |
| 14:31 | Create | Villager (Male) |
| 15:02 | Create | Villager (Male) |
| 15:17 | Build | Barracks |
| 15:46 | Create | Villager (Male) |
| 15:58 | Build | Mining Camp |
| 16:18 | Create | Villager (Male) |
| 16:19 | Create | Villager (Male) |
| 17:10 | Create | Villager (Male) |
| 17:12 | Create | Villager (Male) |
| 17:36 | Build | House |
| 18:10 | Build | House |
| 18:11 | Build | House |
| 18:26 | Build | Market |
| 18:30 | Create | Villager (Male) |
| 18:30 | Create | Villager (Male) |
| 18:41 | Create | Spearman |
| 18:42 | Create | Spearman |
| 20:03 | Create | Villager (Male) |
| 20:03 | Create | Villager (Male) |
| 20:21 | Build | Mill |
| 20:40 | Build | Watch Tower |
| 20:42 | Build | Watch Tower |
| 20:57 | Build | Farm |
| 20:59 | Build | Farm |
| 21:01 | Build | Farm |
| 21:04 | Build | Farm |
| 22:02 | Build | Mill |
| 22:11 | Research | Horse Collar |
| 22:47 | Build | Farm |
| 22:55 | Research | Man-at-Arms (upgrade) |
| 22:56 | Research | Arson |
| 22:58 | Create | Militia |
| 22:58 | Create | Militia |
| 23:26 | Build | Mining Camp |
| 23:35 | Create | Militia |
| 23:35 | Create | Militia |
| 23:35 | Create | Militia |
| 23:36 | Create | Militia |
| 23:42 | Research | Town Watch |
| 23:43 | Create | Villager (Male) |
| 23:43 | Create | Villager (Male) |
| 24:14 | Build | Stone Wall |
| 25:06 | Create | Villager (Male) |
| 25:06 | Create | Villager (Male) |
| 25:06 | Create | Villager (Male) |
| 25:47 | Build | Barracks |
| 26:13 | Build | Stone Wall |
| 26:33 | Build | House |
| 26:34 | Build | House |
| 26:35 | Build | House |
| 26:37 | Build | House |
| 26:39 | Build | House |
| 27:16 | Create | Villager (Male) |
| 27:17 | Create | Villager (Male) |
| 27:28 | Create | Militia |
| 28:18 | Build | Blacksmith |
| 29:05 | Build | Stone Wall |
| 29:35 | Research | Castle Age |
| 30:06 | Build | Mining Camp |
| 30:38 | Build | Stone Wall |
| 31:12 | Build | Stone Wall |
| 31:42 | Build | Mill |
| 32:12 | Create | Militia |
| 32:12 | Create | Militia |
| 32:13 | Create | Militia |
| 32:13 | Create | Militia |
| 32:15 | Age | Castle Age |
| 32:20 | Research | Long Swordsman (upgrade) |
| 32:23 | Research | Pikeman (upgrade) |
| 32:24 | Research | Squires |
| 32:28 | Create | Fire Lancer |
| 32:29 | Create | Fire Lancer |
| 32:30 | Create | Fire Lancer |
| 33:29 | Research | Heavy Plow |
| 33:35 | Research | Forging |
| 33:40 | Research | Scale Mail Armor |
| 33:45 | Research | Caravan |
| 33:46 | Create | Trade Cart |
| 33:47 | Create | Trade Cart |
| 34:38 | Build | Town Center |
| 35:23 | Build | Farm |
| 35:29 | Research | Hand Cart |
| 37:02 | Build | Lumber Camp |
| 37:10 | Create | Villager (Male) |
| 37:10 | Create | Villager (Male) |
| 37:11 | Create | Villager (Male) |
| 38:10 | Create | Villager (Male) |
| 38:10 | Create | Villager (Male) |
| 38:34 | Research | Iron Casting |
| 38:35 | Research | Chain Mail Armor |
| 38:40 | Research | Fletching |
| 38:41 | Research | Padded Archer Armor |
| 38:45 | Create | Fire Lancer |
| 38:45 | Create | Fire Lancer |
| 39:20 | Create | Villager (Male) |
| 39:21 | Create | Villager (Male) |
| 39:23 | Research | Town Patrol |
| 39:38 | Create | Villager (Male) |
| 39:38 | Create | Villager (Male) |
| 39:39 | Create | Villager (Male) |
| 40:05 | Create | Trade Cart ×4 |
| 40:13 | Create | Fire Lancer |
| 40:14 | Create | Spearman |
| 40:15 | Create | Militia ×5 |
| 41:56 | Build | Town Center |
| 42:10 | Build | Mill |
| 42:26 | Build | House |
| 42:27 | Build | House |
| 42:29 | Build | House |
| 42:30 | Build | House |
| 42:31 | Build | House |
| 44:09 | Create | Villager (Male) |
| 44:10 | Create | Villager (Male) |
| 44:10 | Create | Villager (Male) |
| 44:23 | Create | Villager (Male) |
| 44:23 | Create | Villager (Male) |
| 44:24 | Create | Villager (Male) |
| 44:45 | Create | Villager (Male) |
| 44:46 | Create | Villager (Male) |
Build order — 再染006
First 150 of 203 actions detected
| 1:25 | Build | Town Center |
| 4:48 | Create | Villager (Male) |
| 5:20 | Create | Villager (Male) |
| 5:40 | Create | Villager (Male) |
| 5:40 | Create | Villager (Male) |
| 5:41 | Create | Villager (Male) |
| 6:13 | Create | Villager (Male) |
| 6:17 | Create | Villager (Male) |
| 6:17 | Create | Villager (Male) |
| 6:36 | Create | Villager (Male) |
| 7:41 | Build | Mill |
| 7:49 | Build | House |
| 8:58 | Create | Villager (Male) |
| 8:58 | Create | Villager (Male) |
| 8:58 | Create | Villager (Male) |
| 8:59 | Create | Villager (Male) |
| 8:59 | Create | Villager (Male) |
| 8:59 | Create | Villager (Male) |
| 9:10 | Create | Villager (Male) |
| 9:11 | Create | Villager (Male) |
| 11:27 | Build | Lumber Camp |
| 12:20 | Research | Feudal Age |
| 12:25 | Build | Mining Camp |
| 13:45 | Build | Farm |
| 14:30 | Age | Feudal Age |
| 14:31 | Build | Farm |
| 14:33 | Research | Wheelbarrow |
| 14:35 | Research | Double-Bit Axe |
| 14:48 | Research | Horse Collar |
| 15:01 | Build | Farm |
| 15:21 | Build | Farm |
| 15:22 | Build | Farm |
| 15:52 | Create | Villager (Male) |
| 15:52 | Create | Villager (Male) |
| 15:53 | Create | Villager (Male) |
| 16:01 | Build | House |
| 16:02 | Build | House |
| 16:18 | Create | Villager (Male) |
| 16:24 | Research | Gold Mining |
| 16:43 | Create | Villager (Male) |
| 16:43 | Create | Villager (Male) |
| 16:59 | Build | House |
| 17:06 | Build | House |
| 17:14 | Create | Villager (Male) |
| 17:14 | Create | Villager (Male) |
| 17:14 | Create | Villager (Male) |
| 17:19 | Build | Farm |
| 17:51 | Build | Farm |
| 17:57 | Build | Barracks |
| 18:16 | Create | Villager (Male) |
| 18:16 | Create | Villager (Male) |
| 18:16 | Create | Villager (Male) |
| 18:16 | Create | Villager (Male) |
| 18:54 | Build | Farm |
| 19:05 | Build | Stable |
| 19:31 | Build | Mining Camp |
| 19:34 | Create | Villager (Male) |
| 19:34 | Create | Villager (Male) |
| 19:35 | Create | Villager (Male) |
| 19:49 | Build | Farm |
| 20:08 | Build | Market |
| 20:13 | Build | Farm |
| 20:38 | Create | Villager (Male) |
| 21:44 | Build | Blacksmith |
| 22:19 | Research | Castle Age |
| 22:51 | Build | House |
| 22:52 | Build | House |
| 22:56 | Build | House |
| 24:14 | Build | Stable |
| 24:31 | Research | Stone Mining |
| 24:39 | Create | Trade Cart |
| 24:39 | Create | Trade Cart |
| 24:59 | Age | Castle Age |
| 25:18 | Create | Villager (Male) |
| 25:18 | Create | Villager (Male) |
| 25:23 | Build | Town Center |
| 25:46 | Research | Hand Cart |
| 25:52 | Create | Knight |
| 26:20 | Build | Stone Wall |
| 26:25 | Create | Villager (Male) |
| 26:25 | Create | Villager (Male) |
| 26:51 | Build | Building 673 |
| 27:00 | Research | Bow Saw |
| 27:03 | Research | Heavy Plow |
| 27:06 | Research | Forging |
| 27:15 | Create | Knight |
| 27:15 | Create | Knight |
| 27:16 | Create | Knight |
| 27:59 | Build | Farm |
| 28:10 | Research | Bloodlines |
| 28:11 | Create | Knight |
| 28:22 | Build | Stone Wall |
| 28:37 | Create | Villager (Male) |
| 28:37 | Create | Villager (Male) |
| 28:37 | Create | Villager (Male) |
| 28:58 | Build | Farm |
| 29:02 | Create | Villager (Male) |
| 29:02 | Create | Villager (Male) |
| 29:10 | Build | Farm |
| 29:14 | Create | Knight |
| 29:14 | Create | Knight |
| 29:14 | Create | Knight |
| 29:45 | Build | Castle |
| 30:08 | Build | Farm |
| 30:16 | Build | Farm |
| 30:19 | Create | Villager (Male) |
| 30:21 | Create | Villager (Male) |
| 30:21 | Create | Villager (Male) |
| 30:24 | Create | Villager (Male) |
| 30:24 | Create | Villager (Male) |
| 30:24 | Create | Villager (Male) |
| 31:26 | Build | House |
| 31:28 | Build | House |
| 31:29 | Build | House |
| 32:07 | Create | Knight ×5 |
| 32:08 | Create | Knight ×5 |
| 32:19 | Build | Farm |
| 32:51 | Build | Town Center |
| 33:34 | Create | Knight ×3 |
| 35:20 | Build | Farm |
| 35:22 | Build | Farm |
| 35:29 | Build | House |
| 35:34 | Create | Knight |
| 35:34 | Create | Knight |
| 35:34 | Create | Knight |
| 35:34 | Create | Knight |
| 36:39 | Create | Villager (Male) |
| 36:39 | Create | Villager (Male) |
| 36:39 | Create | Villager (Male) |
| 36:39 | Create | Villager (Male) |
| 36:39 | Create | Villager (Male) |
| 37:34 | Create | Chu Ko Nu |
| 37:34 | Create | Chu Ko Nu |
| 37:34 | Create | Chu Ko Nu |
| 37:34 | Create | Chu Ko Nu |
| 37:41 | Research | Caravan |
| 37:41 | Create | Trade Cart |
| 37:43 | Create | Trade Cart |
| 38:04 | Build | Mining Camp |
| 38:13 | Research | Stone Shaft Mining |
| 38:14 | Research | Gold Shaft Mining |
| 38:25 | Build | Farm |
| 38:29 | Create | Villager (Male) |
| 38:29 | Create | Villager (Male) |
| 38:29 | Create | Villager (Male) |
| 38:29 | Create | Villager (Male) |
| 38:29 | Create | Villager (Male) |
| 38:29 | Create | Villager (Male) |
| 38:48 | Build | Monastery |
| 38:56 | Build | University |
Match timeline
| 9:56 | for no raisin · first_building Barracks |
| 13:14 | 烛影曳红 · age_up feudal |
| 13:32 | for no raisin · age_up feudal |
| 13:36 | Twixxo · first_building Barracks |
| 13:53 | n00b · age_up feudal |
| 14:30 | 再染006 · age_up feudal |
| 14:47 | 你滴🐯 · age_up feudal |
| 14:56 | COCA COLA DE VIDRIO · first_building Barracks |
| 15:17 | n00b · first_building Barracks |
| 15:35 | 张小俊 · first_building Barracks |
| 16:30 | 张小俊 · age_up feudal |
| 17:15 | 烛影曳红 · first_building Barracks |
| 17:57 | 再染006 · first_building Barracks |
| 18:03 | COCA COLA DE VIDRIO · age_up feudal |
| 18:14 | 烛影曳红 · wall_segment Palisade Wall x1 |
| 18:15 | 烛影曳红 · wall_segment Palisade Wall x1 |
| 18:39 | 张小俊 · wall_segment Stone Wall x10 |
| 18:43 | 你滴🐯 · first_building Barracks |
| 19:05 | 再染006 · first_building Stable |
| 19:08 | 烛影曳红 · first_building Archery Range |
| 19:39 | Twixxo · age_up feudal |
| 19:59 | for no raisin · first_market_buy 100 food |
| 20:03 | for no raisin · first_market_sell 100 wood |
| 20:26 | for no raisin · first_building Archery Range |
| 21:09 | Twixxo · wall_segment Stone Wall x6 |
| 21:17 | Twixxo · wall_segment Stone Wall x5 |
| 21:56 | 张小俊 · wall_segment Stone Wall x16 |
| 22:02 | Twixxo · first_building Archery Range |
| 22:03 | 再染006 · first_market_buy 100 food |
| 22:43 | Twixxo · wall_segment Stone Wall x12 |
| 22:45 | Twixxo · wall_segment Stone Wall x9 |
| 22:52 | for no raisin · age_up castle |
| 23:45 | for no raisin · first_building Siege Workshop |
| 24:04 | 张小俊 · age_up castle |
| 24:08 | 你滴🐯 · wall_segment Stone Wall x5 |
| 24:14 | n00b · wall_segment Stone Wall x15 |
| 24:24 | Twixxo · wall_segment Stone Wall x7 |
| 24:37 | Twixxo · first_building Stable |
| 24:39 | 张小俊 · first_market_sell 100 food |
| 24:43 | 张小俊 · first_market_buy 100 stone |
| 24:48 | 你滴🐯 · wall_segment Stone Wall x1 |
| 24:59 | 再染006 · age_up castle |
| 26:09 | Twixxo · first_market_sell 100 wood |
| 26:09 | Twixxo · first_market_buy 100 food |
| 26:13 | n00b · wall_segment Stone Wall x12 |
| 26:20 | 再染006 · wall_segment Stone Wall x10 |
| 26:28 | 张小俊 · wall_segment Stone Wall x3 |
| 26:28 | 你滴🐯 · first_building Archery Range |
| 26:53 | Twixxo · wall_segment Stone Wall x5 |
| 27:23 | COCA COLA DE VIDRIO · wall_segment Stone Wall x3 |
| 27:29 | 张小俊 · wall_segment Stone Wall x8 |
| 27:45 | COCA COLA DE VIDRIO · wall_segment Stone Wall x11 |
| 28:18 | for no raisin · first_building Monastery |
| 28:22 | 再染006 · wall_segment Stone Wall x1 |
| 28:59 | Twixxo · age_up castle |
| 29:05 | n00b · wall_segment Stone Wall x3 |
| 29:13 | 你滴🐯 · age_up castle |
| 29:27 | 你滴🐯 · wall_segment Stone Wall x1 |
| 29:45 | 再染006 · first_building Castle |
| 29:52 | n00b · first_market_buy 100 wood |
| 30:11 | COCA COLA DE VIDRIO · wall_segment Stone Wall x1 |
| 30:26 | COCA COLA DE VIDRIO · first_building Stable |
| 30:31 | 再染006 · tribute_sent a jugador 1 |
| 30:31 | 再染006 · tribute_sent a jugador 2 |
| 30:31 | 再染006 · tribute_sent a jugador 3 |
| 30:31 | 再染006 · tribute_sent a jugador 4 |
| 30:31 | 再染006 · tribute_sent a jugador 5 |
| 30:31 | 再染006 · tribute_sent a jugador 6 |
| 30:31 | 再染006 · tribute_sent a jugador 7 |
| 30:38 | n00b · wall_segment Stone Wall x13 |
| 30:44 | Twixxo · first_building Monastery |
| 30:55 | 烛影曳红 · age_up castle |
| 30:59 | Twixxo · wall_segment Stone Wall x13 |
| 31:04 | Twixxo · first_building Castle |
| 31:12 | n00b · wall_segment Stone Wall x20 |
| 31:19 | COCA COLA DE VIDRIO · age_up castle |
| 31:20 | for no raisin · first_building Castle |
| 31:53 | 你滴🐯 · wall_segment Stone Wall x11 |
| 31:58 | COCA COLA DE VIDRIO · wall_segment Stone Wall x11 |
| 32:15 | n00b · age_up castle |
| 32:37 | COCA COLA DE VIDRIO · wall_segment Stone Wall x1 |
| 32:54 | COCA COLA DE VIDRIO · wall_segment Stone Wall x1 |
| 33:32 | 张小俊 · wall_segment Stone Wall x4 |
| 33:39 | Twixxo · wall_segment Stone Wall x7 |
| 34:04 | 张小俊 · first_building Castle |
| 34:18 | 再染006 · tribute_sent a jugador 1 |
| 34:18 | 再染006 · tribute_sent a jugador 2 |
| 34:18 | 再染006 · tribute_sent a jugador 3 |
| 34:18 | 再染006 · tribute_sent a jugador 4 |
| 34:18 | 再染006 · tribute_sent a jugador 5 |
| 34:18 | 再染006 · tribute_sent a jugador 6 |
| 34:18 | 再染006 · tribute_sent a jugador 7 |
| 34:19 | COCA COLA DE VIDRIO · wall_segment Stone Wall x11 |
| 34:40 | 你滴🐯 · first_building Castle |
| 35:07 | 张小俊 · first_building Siege Workshop |
| 35:29 | Twixxo · first_building Siege Workshop |
| 36:05 | COCA COLA DE VIDRIO · first_market_sell 100 wood |
| 36:09 | COCA COLA DE VIDRIO · first_market_buy 100 stone |
| 36:11 | 张小俊 · age_up imperial |
| 36:32 | for no raisin · first_building Stable |
| 37:02 | COCA COLA DE VIDRIO · first_building Castle |
| 37:08 | 烛影曳红 · first_building Castle |
| 37:36 | for no raisin · age_up imperial |
| 38:10 | Twixxo · wall_segment Palisade Wall x1 |
| 38:48 | 再染006 · first_building Monastery |
| 38:55 | COCA COLA DE VIDRIO · wall_segment Stone Wall x9 |
| 39:08 | COCA COLA DE VIDRIO · wall_segment Stone Wall x19 |
| 39:37 | COCA COLA DE VIDRIO · first_building Siege Workshop |
| 40:07 | 你滴🐯 · wall_segment Stone Wall x2 |
| 41:45 | 再染006 · first_building Siege Workshop |
| 41:48 | 再染006 · first_building Archery Range |
| 42:17 | 你滴🐯 · wall_segment Stone Wall x8 |
| 42:46 | 张小俊 · tribute_sent a jugador 1 |
| 42:46 | 张小俊 · tribute_sent a jugador 2 |
| 42:46 | 张小俊 · tribute_sent a jugador 3 |
| 42:46 | 张小俊 · tribute_sent a jugador 5 |
| 42:46 | 张小俊 · tribute_sent a jugador 6 |
| 42:46 | 张小俊 · tribute_sent a jugador 7 |
| 42:46 | 张小俊 · tribute_sent a jugador 8 |
| 42:58 | 张小俊 · first_building Stable |
| 43:13 | COCA COLA DE VIDRIO · age_up imperial |
| 43:21 | 烛影曳红 · age_up imperial |
| 43:43 | Twixxo · age_up imperial |
| 44:03 | 你滴🐯 · age_up imperial |
| 44:26 | 烛影曳红 · first_market_buy 100 wood |
| 44:45 | 再染006 · age_up imperial |
| 47:07 | 你滴🐯 · tribute_sent a jugador 1 |
| 47:07 | 你滴🐯 · tribute_sent a jugador 2 |
| 47:07 | 你滴🐯 · tribute_sent a jugador 3 |
| 47:07 | 你滴🐯 · tribute_sent a jugador 4 |
| 47:07 | 你滴🐯 · tribute_sent a jugador 5 |
| 47:07 | 你滴🐯 · tribute_sent a jugador 7 |
| 47:07 | 你滴🐯 · tribute_sent a jugador 8 |
| 47:38 | n00b · first_building Monastery |
| 47:42 | 再染006 · first_market_sell 100 food |
| 48:21 | n00b · first_building Castle |
| 48:29 | 你滴🐯 · resign |
[ AI ANALYSIS · 1 CREDIT ]
What really happened in this match?
Wolo.gg analyzes every decision: build order, eco, micro, common mistakes by bracket. Personalized analysis on WhatsApp or Discord in 30 seconds.
Civ guide
Teutons
Map guide
African Clearing
Perfil
Twixxo